 Dungeon Sprint DCSS version 0.31-a0-675-g238779eb0a (webtiles) character file.

Game seed: 12431242229898128489

455 dialectric the Fighter (level 7, -8/51 HPs)
             Began as a Gargoyle Fighter on Sept 5, 2023.
             Was an Initiate of Trog.
             Mangled by Sonja
             ... wielding a +2 short sword of distortion
              (14 damage)
             ... in the Dungeon (Sprint I: "Red Sonja").
             The game lasted 00:01:42 (429 turns).

dialectric the Fighter (Gargoyle Fighter)            Turns: 429, Time: 00:01:43

Health: -8/51      AC: 13    Str: 20    XL:     7   Next: 5%
Magic:  7/7        EV: 11    Int:  8    God:    Trog [......]
Gold:   286        SH:  0    Dex: 11    Spells: 6/6 levels left

rFire   . . .        i - +5 morningstar (venom)
rCold   . . .        (no shield)
rNeg    + . .        b - +0 scale mail
rPois   ∞            (no helmet)
rElec   +            (no cloak)
rCorr   .            (no gloves)
SInv    .            (no boots)
Will    .....        (no amulet) Stlth
                     (no ring)
HPRegen 0.28/turn    (no ring)
MPRegen 0.10/turn

%: no teleportation
@: no status effects
A: sickness immunity, AC +4, negative energy resistance 1, electricity
resistance, torment resistance 1, petrification resistance
a: Renounce Religion


You were in the Dungeon.
You worshipped Trog.
Trog was noncommittal.
You visited 1 branch You collected 433 gold pieces.
You spent 147 gold pieces at shops.

Inventory:

Hand Weapons
 a - a +0 flail
 i - a +5 morningstar of venom (weapon)
Armour
 b - a +0 scale mail (worn)
 c - a +0 buckler
 f - a +2 robe of willpower
Wands
 d - a wand of polymorph (9)
Scrolls
 j - a scroll of blinking
Potions
 g - a potion of haste
 h - 2 potions of magic


   Skills:
 + Level 9.2 Fighting
 * Level 7.6 Maces & Flails
 + Level 8.8 Armour
 - Level 5.2 Dodging
 - Level 3.2 Shields
 - Level 0.7 Unarmed Combat


You had 6 spell levels left.
You didn't know any spells.
Your spell library was empty.

Dungeon Overview and Level Annotations

Branches:
Dungeon (1/1)

Altars:
Cheibriados
Dithmenos
Elyvilon
Fedhas
Gozag
Hepliaklqana
Kikubaaqudgha
Makhleb
Nemelex Xobeh
Okawaru
Qazlal
Ru
Sif Muna
Trog
Uskayaw
Vehumet
Wu Jian
Xom
Yredelemnul
Zin
The Shining One
Jiyva
Lugonu

Shops:
D (

Annotations:
D Sonja


Innate Abilities, Weirdness & Mutations

You are immune to sickness and miasma.
Your stone body is resilient. (AC +4)
You are immune to poison.
You resist negative energy. (rN+)
You are resistant to electric shocks. (rElec)
You are resistant to unholy torment.
You are immune to petrification.


Message History

Sonja hits you but does no damage. Space warps horribly around you!
Sonja hits you but does no damage. Space warps around you.
Sonja hits you but does no damage.
There is an open door here.
You feel better.
Sonja mumbles some strange words.
Sonja blinks!
Sonja gestures wildly while chanting.
Sonja blinks!
Sonja throws a curare-tipped dart.
The curare-tipped dart hits you.
Sonja throws a curare-tipped dart.
The curare-tipped dart closely misses you.
You close the door.
Sonja breaks down the door.
Sonja closely misses you.
Sonja hits you with a +2 short sword of distortion.
Sonja barely misses you.
Sonja gestures wildly while chanting.
Sonja blinks!
There is a broken door here.
Sonja mumbles some strange words.
Sonja blinks!
Sonja throws a curare-tipped dart.
The curare-tipped dart hits you.
Sonja casts a spell.
Sonja blinks!
Sonja throws a curare-tipped dart.
The curare-tipped dart hits you.
There is a broken door here.
Sonja completely misses you.
Sonja hits you with a +2 short sword of distortion.
Sonja hits you but does no damage. Space warps around you.
* * * LOW HITPOINT WARNING * * *
Sonja hits you but does no damage. x2
Sonja hits you with a +2 short sword of distortion.
* * * LOW HITPOINT WARNING * * *
Space warps around you.
* * * LOW HITPOINT WARNING * * *
Unknown command.
You miss Sonja. Sonja hits you but does no damage.
Space warps horribly around you!
You die...

######################
#<.#..)..#).'..#__#..+
#..').#..'..#..'..'..#
#..#####'#####'#__####
#..####..#...#.####
#..#__####..##.#
#..#_____##'#_.+
#⌠⌠#_.∩...†.K._#
####_..__##_@#'#
#_____###'#)#
#########.### +$.$+
#$.$# ##.## #+#


You could see Sonja.

Vanquished Creatures
  A slime creature (D)
  A yak (D)
  An ogre (D)
  A jelly (D)
  An iguana (D)
  Ijyb (D)
6 creatures vanquished.

Notes
Turn   | Place    | Note
-------+----------+-------------------------------------------
     0 | D        | dialectric the Gargoyle Fighter began the quest for the
                  | Orb.
     0 | D        | Reached XP level 1. HP: 14/14 MP: 1/1
     9 | D        | Noticed Ijyb
    18 | D        | Killed Ijyb
    19 | D        | Reached skill level 5 in Fighting
    19 | D        | Reached skill level 5 in Armour
    19 | D        | Reached XP level 2. HP: 5/21 MP: 2/2
    19 | D        | Reached XP level 3. HP: 6/26 MP: 3/3
   102 | D        | Noticed an ogre
   108 | D        | Killed an ogre
   109 | D        | Reached skill level 6 in Fighting
   109 | D        | Reached XP level 4. HP: 17/32 MP: 4/4
   137 | D        | Noticed Sigmund
   141 | D        | HP: 1/32 [Sigmund/+0 scythe (9)]
   151 | D        | Sigmund changed into Sigmund the iguana
   151 | D        | Noticed Sigmund
   154 | D        | Killed Sigmund the iguana
   155 | D        | Reached skill level 7 in Fighting
   155 | D        | Reached XP level 5. HP: 29/38 MP: 5/5
   168 | D        | Found a shimmering blue altar of Sif Muna.
   169 | D        | Found an ornate altar of the Wu Jian Council.
   170 | D        | Found a radiant altar of Vehumet.
   202 | D        | Found Vimatih's Antique Weapon Emporium.
   202 | D        | Found an ancient bone altar of Kikubaaqudgha.
   202 | D        | Found a hazy altar of Hepliaklqana.
   202 | D        | Found a stormy altar of Qazlal.
   202 | D        | Found a hide-covered altar of Uskayaw.
   202 | D        | Found a blossoming altar of Fedhas.
   202 | D        | Found a bloodstained altar of Trog.
   202 | D        | Found an iron altar of Okawaru.
   202 | D        | Found a basalt altar of Yredelemnul.
   202 | D        | Found a glowing golden altar of the Shining One.
   202 | D        | Found a snail-covered altar of Cheibriados.
   202 | D        | Found a sacrificial altar of Ru.
   202 | D        | Found a glowing silver altar of Zin.
   202 | D        | Found a shadowy altar of Dithmenos.
   202 | D        | Found a white marble altar of Elyvilon.
   202 | D        | Noticed a yak
   212 | D        | Killed a yak
   213 | D        | Reached skill level 8 in Fighting
   213 | D        | Reached XP level 6. HP: 37/45 MP: 6/6
   213 | D        | Found an opulent altar of Gozag.
   214 | D        | Found a sparkling altar of Nemelex Xobeh.
   218 | D        | Became a worshipper of Trog the Wrathful
   220 | D        | Bought a runed morningstar for 147 gold pieces
   233 | D        | Found a burning altar of Makhleb.
   233 | D        | Found a viscous altar of Jiyva.
   233 | D        | Found a shimmering altar of Xom.
   233 | D        | Found a corrupted altar of Lugonu.
   233 | D        | Noticed a slime creature
   239 | D        | Killed a slime creature
   240 | D        | Reached skill level 9 in Fighting
   240 | D        | Reached skill level 5 in Dodging
   240 | D        | Reached XP level 7. HP: 10/51 MP: 7/7
   410 | D        | Noticed Sonja
   429 | D        | Mangled by Sonja

Illustrated notes

Levels and vault maps discovered:
D:        dungeon_sprint_1 [red_sonja_temple_1, red_sonja_temple_small_1]

Skill      XL: |  1  2  3  4  5  6 |
---------------+-------------------+-----
Fighting       | 5 6 7 8 9 |  9.2
Armour         | 5 6 7 8 |  8.8
Maces & Flails | 4 6 7 |  7.6
Dodging        | 2 4 5 |  5.2
Shields        | |  3.2
Unarmed Combat | |  0.7

Action                     |  1- 3 |  4- 6 |  7- 9 || total
---------------------------+-------+-------+-------++-------
  Melee: Flail             |     9 |    19 |       ||    28
         Unarmed           |     4 |       |       ||     4
         Morningstar       |       |     5 |     2 ||     7
  Evoke: Wand              |       |     1 |       ||     1
    Use: Potion            |     2 |     1 |     1 ||     4
 Armour: Skin              |     2 |       |       ||     2
         Scale mail        |     3 |    19 |    12 ||    34
  Dodge: Dodged            |     4 |    11 |     7 ||    22

Table legend: (Time is in decaauts)
 A = Elapsed time spent in this place.
 B = Non-inter-level travel time spent in this place.
 C = Inter-level travel time spent in this place.
 D = Time resting spent in this place.
 E = Time spent auto-exploring this place.
 F = Levels seen in this place.
 G = Mean time per level.
                   A        B        C        D        E       F      G
               +--------+--------+--------+--------+--------+-----+--------+
         Total |    439 |    439 |      0 |    246 |      0 |   1 |  439.0 |
       Dungeon |    439 |    439 |      0 |    246 |      0 |   1 |  439.0 |
               +--------+--------+--------+--------+--------+-----+--------+

Top non-repeatable levels by time:
       D: 439 daAuts
